 Dungeon Crawl Stone Soup version 0.30.0-11-gf55b779eaf (webtiles) character file.

Game seed: 594923488308201570

4620 Esekla the Covert (level 10, -14/66 HPs)
             Began as an Octopode Necromancer on May 17, 2023.
             Was an Initiate of Gozag.
             Demolished by a yak (17 damage)
             ... while paralysed by a hornet
             ... on level 9 of the Dungeon.
             The game lasted 00:35:59 (8716 turns).

Esekla the Covert (Octopode Necromancer)            Turns: 8716, Time: 00:36:00

Health: -14/66     AC:  1    Str:  7    XL:     10   Next: 42%
Magic:  18/28      EV:  2    Int: 23    God:    Gozag
Gold:   988        SH:  0    Dex: 18    Spells: 15/22 levels left

rFire   . . .        s - +2 dagger (elec)
rCold   . . .        (no shield)
rNeg    . . .        (helmet restricted)
rPois   .            (no amulet)
rElec   .            g - ring of magical power
rCorr   .            C - +6 ring of dexterity
SInv    .            (no ring)
Will    .....        (no ring)
Stlth   +++++        (no ring)
HPRegen 0.31/turn    (no ring)
MPRegen 0.21/turn    (no ring)
                     (no ring)

%: no passive effects
@: paralysed, freezing walls, slowed
A: almost no armour, amphibious, 8 rings, camouflage 1, gelatinous body 1,
(nimble swimmer 1), tentacles
a: Renounce Religion, Potion Petition, Call Merchant, Bribe Branch


You were on level 9 of the Dungeon.
You worshipped Gozag.
Gozag was pleased with you.
You visited 2 branches of the dungeon, and saw 10 of its levels.

You collected 1099 gold pieces.
You paid 111 gold pieces to Gozag.

Inventory:

Hand Weapons
 a - a +0 scimitar
 r - a +0 spear
 s - a +2 dagger of electrocution (weapon)
Missiles
 c - 18 poisoned darts (quivered)
 f - 2 throwing nets
 j - 5 curare-tipped darts
 B - a boomerang
Jewellery
 g - a ring of magical power (left tentacle)
 C - a +6 ring of dexterity (right tentacle)
Wands
 E - a wand of paralysis (12)
Scrolls
 b - a scroll of enchant armour {unknown}
 d - 3 scrolls of teleportation
 h - 2 scrolls of magic mapping {unknown}
 i - 4 scrolls of amnesia {unknown}
 m - 2 scrolls of enchant weapon {unknown}
 n - a scroll of silence {unknown}
 o - 2 scrolls of vulnerability {unknown}
 u - 2 scrolls of blinking {unknown}
 v - 2 scrolls of noise {unknown}
 y - a scroll of torment {unknown}
 A - a scroll of immolation {unknown}
 D - a scroll of fear {unknown}
 F - a scroll of identify
Potions
 e - 6 potions of curing
 k - 2 potions of heal wounds
 l - 2 potions of flight
 p - 3 potions of brilliance {unknown}
 q - 3 potions of mutation
 t - 3 potions of haste
 w - 3 potions of magic
 x - a potion of degeneration {unknown}
 z - 2 potions of might
 G - 2 potions of resistance {unknown}


   Skills:
 * Level 5.1 Fighting
 + Level 3.5 Short Blades
 + Level 0.7 Throwing
 * Level 6.1 Dodging
 + Level 9.2 Stealth
 + Level 0.6 Unarmed Combat
 * Level 6.6 Spellcasting
 * Level 7.8 Necromancy
 * Level 3.5 Ice Magic


You had 15 spell levels left.
You knew the following spells:

 Your Spells              Type           Power      Damage    Failure   Level
a - Necrotise             Necr           100%       1d9       1%          1
d - Vampiric Draining     Necr           43%        2d9       1%          3
r - Frozen Ramparts       Ice            48%        1d8       5%          3

Your spell library contained the following spells:

 Spells                   Type           Power      Damage    Failure   Level
 Freeze                   Ice            96%        1d10      1%          1
 Slow                     Hex            28%        N/A       9%          1
 Agony                    Necr           43%        N/A       9%          5
 Hailstorm                Conj/Ice       15%        3d5       12%         3
 Call Canine Familiar     Summ           7%         N/A       24%         3
 Confusing Touch          Hex            7%         N/A       24%         3
 Portal Projectile        Hex/Tloc       14%        N/A       24%         3
 Borgnjor's Vile Clutch   Necr/Erth      12%        N/A       41%         5
 Death Channel            Necr           21%        N/A       45%         6
 Leda's Liquefaction      Hex/Erth       3%         N/A       63%         4
 Blade Hands              Tmut           3%         N/A       92%         5
 Irradiate                Conj/Tmut      3%         3d12      92%         5
 Dragon Form              Tmut           3%         N/A       100%        7
 Animate Dead             Necr           Unusable   N/A       N/A         4

Dungeon Overview and Level Annotations

Branches:
Dungeon (9/15)             Temple (1/1) D:6
   Lair: D:8-11         Orc: D:9-12

Altars:
Ashenzari
Cheibriados
Fedhas
Gozag
Hepliaklqana
Kikubaaqudgha
Makhleb
Nemelex Xobeh
Qazlal
Sif Muna
Trog
Vehumet
Wu Jian
Jiyva

Shops:
D:4 *

Annotations:
D:8 2 transporters


Innate Abilities, Weirdness & Mutations

You cannot wear most types of armour.
You are amphibious.
You can wear up to eight rings at the same time.
Your skin changes colour to match your surroundings (Stealth+).
Your rubbery body absorbs attacks. (AC +1, EV +1)
((You are camouflaged when in or above water. (Stealth+)))
You have tentacles for arms and can constrict up to eight enemies at once.


Message History

The wall freezes the yak but does no damage.
The wall freezes the hornet.
Casting: Frozen Ramparts (dangerous; 5% risk of failure)
Confirm with . or Enter, or press ? or * to list all spells.
Aiming: Vampiric Draining (safe; 1% risk of failure)
Press: ? - help, Shift-Dir - straight line, f/p - hornet
Aim: a hornet (lightly wounded)
You draw life force from the hornet!
You feel life coursing into your body.
The wall freezes the hornet but does no damage.
The hornet barely misses you.
The wall freezes the troll.
The wall freezes the yak.
The wall freezes the hornet but does no damage.
The hornet stings you!
You feel yourself slow down.
Casting: Vampiric Draining (safe; 1% risk of failure)
Confirm with . or Enter, or press ? or * to list all spells.
Aiming: Vampiric Draining (safe; 1% risk of failure)
Press: ? - help, Shift-Dir - straight line, f/p - hornet
Aim: a hornet (moderately wounded)
You draw life force from the hornet.
You feel life coursing into your body.
The frozen ramparts melt away.
The hornet barely misses you. The yak gores you! The hornet barely misses you.
The yak barely misses you.
Casting: Vampiric Draining (safe; 1% risk of failure)
Confirm with . or Enter, or press ? or * to list all spells.
Casting: Frozen Ramparts (dangerous; 5% risk of failure)
Press: ? - help, Dir - look around, f - activate The walls around you are covered in ice.
You feel yourself speed up.
The wall freezes the hornet but does no damage.
The hornet stings you!
You suddenly lose the ability to move!
The wall freezes the troll.
The wall freezes the yak. x2; The yak gores you!
* * * LOW HITPOINT WARNING * * *
The wall freezes the hornet.
The hornet stings you but does no damage.
The wall freezes the hornet but does no damage.
The hornet stings you!
* * * LOW HITPOINT WARNING * * *
You feel yourself slow down.
The wall freezes the troll.
The wall freezes the yak. x2; The yak gores you!
You die...
Your body crumbles into a pile of gold.

..........##)..#.y#### ##..###...
..........##..#...##.###.........
...........'..##..+..............
...........'..##..+..............
..........##..$#..##.)...........
..........##..#...##.............
..........##...#..##.............
......######..##.(##.............
.....## ##..##@.##.............
..y.y ####.$$#Yy.##.............
#?h...TY#..##.............
#}[.....#...##.............
#T.###.###..##............# # #.#
#..##.###.......## #.. ...##.#
#......## ..#. .(###.###.....##
..#. ####........##


You could see 2 yaks, a troll and a hornet.

Vanquished Creatures
  A two-headed ogre (D:7)
  A wyvern (D:9)
  7 yaks
  3 steam dragons
  A water moccasin (D:5)
  A sky beast (D:5)
  2 black bears
  2 orc warriors
  A centaur (D:7)
  An ogre (D:4)
  A phantom (D:4)
  A kobold brigand (D:8)
  3 bullfrogs
  2 jellies
  A gnoll sergeant (D:7)
  2 scorpions
  4 wights
  3 howler monkeys (D:8)
  A gnoll bouda (D:6)
  2 orc priests
  A hound (D:6)
  A sleepcap (D:6)
  Jessica (D:3)
  6 iguanas
  4 orc wizards
  9 gnolls
  12 adders
  2 shadow imps (D:7)
  2 white imps
  4 worms
  2 dart slugs
  26 orcs
  12 endoplasms
  A giant cockroach (D:1)
  13 hobgoblins
  4 jackals (D:1)
  10 kobolds
  6 quokkas
  13 ball pythons
  5 bats
  A frilled lizard (D:1)
  4 goblins
  9 rats
188 creatures vanquished.

Vanquished Creatures (others)
  An orc wizard (D:8)
  2 orcs (D:6)
3 creatures vanquished.

Grand Total: 191 creatures vanquished

Notes
Turn   | Place    | Note
-------+----------+-------------------------------------------
     0 | D:1      | Esekla the Octopode Necromancer began the quest for the
                  | Orb.
     0 | D:1      | Reached XP level 1. HP: 11/11 MP: 3/3
   203 | D:1      | Reached XP level 2. HP: 17/17 MP: 5/5
   383 | D:1      | Reached skill level 3 in Stealth
   417 | D:1      | Found a faded altar of an unknown god.
   505 | D:1      | Reached XP level 3. HP: 22/22 MP: 6/6
   509 | D:1      | Learned a level 3 spell: Vampiric Draining
  1023 | D:2      | You fall into a shaft and drop 1 floor!
  1107 | D:2      | Reached skill level 1 in Fighting
  1206 | D:2      | Reached XP level 4. HP: 28/28 MP: 7/7
  1705 | D:3      | Noticed Jessica
  1709 | D:3      | Reached skill level 4 in Stealth
  1712 | D:3      | Killed Jessica
  1713 | D:3      | Reached skill level 1 in Short Blades
  1713 | D:3      | Reached XP level 5. HP: 33/33 MP: 8/8
  2371 | D:4      | Noticed an ogre
  2376 | D:4      | Killed an ogre
  2377 | D:4      | Reached XP level 6. HP: 38/38 MP: 10/10
  2478 | D:4      | Reached skill level 5 in Stealth
  2625 | D:4      | Found Ehuadgh's General Store.
  2898 | D:4      | Reached skill level 6 in Stealth
  3006 | D:4      | Reached XP level 7. HP: 45/45 MP: 11/11
  3019 | D:4      | Reached skill level 5 in Necromancy
  3249 | D:5      | Entered Level 5 of the Dungeon
  3459 | D:5      | Found a stormy altar of Qazlal.
  3794 | D:5      | Reached XP level 8. HP: 48/51 MP: 13/13
  4094 | D:5      | Reached skill level 7 in Stealth
  4947 | D:6      | Found a staircase to the Ecumenical Temple.
  4956 | Temple   | Entered the Ecumenical Temple
  5044 | Temple   | Became a worshipper of Gozag Ym Sagoz the Greedy
  5064 | D:6      | Reached skill level 8 in Stealth
  5076 | D:6      | Learned a level 3 spell: Frozen Ramparts
  5374 | D:6      | Reached skill level 1 in Ice Magic
  5384 | D:6      | Noticed a shadow
  5475 | D:6      | Reached XP level 9. HP: 56/58 MP: 16/16
  5563 | D:6      | HP: 1/58 [something (29)]
  5858 | D:7      | Noticed a two-headed ogre
  6067 | D:7      | Found a hazy altar of Hepliaklqana.
  6524 | D:7      | Killed a two-headed ogre
  6525 | D:7      | Reached skill level 5 in Dodging
  6525 | D:7      | Reached skill level 5 in Spellcasting
  6981 | D:6      | Found a sparkling altar of Nemelex Xobeh.
  7430 | D:8      | Found a transporter.
  7436 | D:8      | Found a viscous altar of Jiyva.
  7757 | D:8      | Reached skill level 9 in Stealth
  7990 | D:8      | Reached XP level 10. HP: 53/65 MP: 19/19
  8246 | D:8      | Found a transporter.
  8432 | D:9      | Reached skill level 5 in Fighting
  8460 | D:9      | Found a bloodstained altar of Trog.
  8715 | D:9      | Paralysed by a hornet for 3 turns
  8716 | D:9      | HP: 3/66 [hornet (9)]
  8716 | D:9      | Demolished by a yak

Illustrated notes

Levels and vault maps discovered:
D:1:      dpeg_arrival_windows_large_door, layout_loops_ring,
          ebering_ecumenical_altar_mist
D:2:      layout_basic, chequers_arboretum
D:3:      layout_loops_cross, supply_closet_lemuel, uniq_jessica
D:4:      layout_basic, serial_shops, shop, minmay_manual_monolith
D:5:      layout_gridville, mainiacjoe_overflow_concentric_impassable,
          hangedman_decor_opposing, saegor_snake_ambush
D:6:      layout_gridville, nemelex_diamond_rough_becter,
          minmay_temple_entry_glass
D:7:      layout_loops_ring, lemuel_coloured_pillars_altar
D:8:      gammafunk_jiyva_shrine, layout_basic
D:9:      layout_big_octagon, mainiacjoe_overflow_alcove_4,
          hangedman_corner_corridor
Temple:   regret_index_temple_mists

Skill      XL: |  1  2  3  4  5  6  7  8  9 10 |
---------------+-------------------------------+-----
Stealth        | 3 4 6 8 9 |  9.2
Fighting       | 1 2 3 4 5 |  5.1
Short Blades   | 1 2 3 |  3.5
Dodging        | 3 4 5 6 |  6.1
Spellcasting   | 3 4 6 |  6.6
Necromancy     | 5 6 7 |  7.8
Ice Magic      | 1 3 |  3.5
Throwing       | |  0.7
Unarmed Combat | |  0.6

Action                     |  1- 3 |  4- 6 |  7- 9 | 10-12 || total
---------------------------+-------+-------+-------+-------++-------
  Melee: Unarmed           |    51 |       |       |       ||    51
         Tentacles         |    30 |    30 |    41 |     8 ||   109
         Constrict         |    26 |    12 |    39 |     4 ||    81
         Short sword       |    34 |       |       |       ||    34
         Dagger            |     3 |    99 |   243 |    36 ||   381
         Punch             |     2 |       |     3 |     2 ||     7
  Throw: Dart              |       |     1 |     7 |     4 ||    12
   Cast: Vampiric Draining |     4 |     8 |    32 |     7 ||    51
         Frozen Ramparts   |       |       |     6 |     5 ||    11
    Use: Potion            |     1 |       |     1 |       ||     2
         Scroll            |       |       |     7 |     1 ||     8
   Stab: Sleeping          |    10 |    18 |    24 |     4 ||    56
         Distracted        |       |     1 |     1 |       ||     2
 Armour: Skin              |     9 |     2 |     5 |     2 ||    18
  Dodge: Dodged            |    61 |    46 |   136 |    22 ||   265
